 Dungeon Crawl Stone Soup version 0.24.0-123-gd5b16e6ec5 (webtiles) character file.

Game seed: 170395381075990912, levelgen mode: deterministic

3819 Goreval the Zephyrmancer (level 10, -2/58 HPs)
             Began as a Tengu Air Elementalist on Dec 17, 2019.
             Was a Believer of Vehumet.
             Slain by an unseen horror (4 damage)
             ... on level 7 of the Dungeon.
             The game lasted 00:17:15 (9520 turns).

Goreval the Zephyrmancer (Tengu Air Elementalist)   Turns: 9520, Time: 00:17:16

Health: -2/58      AC:  4    Str:  8    XL:     10   Next: 17%
Magic:  2/16       EV: 17    Int: 20    God:    Vehumet [**....]
Gold:   281        SH:  0    Dex: 14    Spells: 3/15 levels left

rFire    . . .     SeeInvis .   D - +7 mace "Voiwugoz" {protect, rElec}
rCold    . . .     Gourm    .   (no shield)
rNeg     . . .     Faith    .   B - +1 leather armour {MR+}
rPois    .         Spirit   .   (helmet restricted)
rElec    +         Reflect  .   (no cloak)
rCorr    +         Harm     +   (no gloves)
MR       +....                  (boots unavailable)
Stlth    ++........             l - amulet of harm
HPRegen  0.19/turn              k - ring of resist corrosion
MPRegen  0.15/turn              (no ring)

@: flying quickly and evasively, quick
A: beak, talons 3, able to fly
a: Stop Flying, Renounce Religion


You were on level 7 of the Dungeon.
You worshipped Vehumet.
Vehumet was pleased with you.
You were not hungry.

You visited 2 branches of the dungeon, and saw 8 of its levels.

You collected 281 gold pieces.

Inventory:

Hand Weapons
 o - a +2 dagger of speed
 t - a +1 falchion
 D - the +7 mace "Voiwugoz" (weapon) {protect, rElec}
   (You took it off an orc wizard on level 7 of the Dungeon)

   It grants its wielder temporary protection when it strikes (+7 to AC).
   It insulates you from electricity.
 F - a +0 scimitar
Armour
 a - a +0 robe
 B - a +1 leather armour of magic resistance (worn)
Jewellery
 k - a ring of resist corrosion (left hand)
 l - an amulet of harm (around neck)
Wands
 v - a wand of iceblast (11)
 A - a wand of flame (24)
Scrolls
 d - 5 scrolls of teleportation {unknown}
 m - 6 scrolls of identify {unknown}
 n - 2 scrolls of enchant weapon
 q - a scroll of noise {unknown}
 u - a scroll of blinking {unknown}
 x - 2 scrolls of magic mapping {unknown}
 y - 2 scrolls of remove curse {unknown}
 C - a scroll of immolation {unknown}
 E - a scroll of fog {unknown}
Potions
 c - a potion of flight {unknown}
 e - 2 potions of mutation {unknown}
 f - a potion of curing
 g - a potion of degeneration {unknown}
 h - 3 potions of brilliance {unknown}
 i - 3 potions of magic {unknown}
 j - 2 potions of cancellation {unknown}
 r - a potion of resistance {unknown}
 s - 2 potions of agility {unknown}
 w - a potion of ambrosia {unknown}
 z - a potion of haste {unknown}
Comestibles
 p - 6 rations


   Skills:
 + Level 4.8 Fighting
 + Level 5.9 Dodging
 - Level 2.0 Stealth
 - Level 3.3 Spellcasting
 * Level 11.0 Conjurations
 * Level 11.5 Air Magic


You had 3 spell levels left.
You knew the following spells:

 Your Spells              Type           Power        Failure   Level  Hunger
a - Shock                 Conj/Air       ####         1%          1    None
b - Airstrike             Air            #####.....   1%          4    ####...
c - Lightning Bolt        Conj/Air       #####.....   5%          5    ######.
k - Swiftness             Chrm/Air       ####....     2%          2    ##.....

Your spell library contained the following spells:

 Spells                   Type           Power        Failure   Level  Hunger
 Throw Flame              Conj/Fire      ####..       3%          2    ##.....
 Static Discharge         Conj/Air       #####...     1%          3    ###....
 Corona                   Hex            #......      21%         1    None
 Slow                     Hex            #.......     30%         2    ##.....
 Inner Flame              Hex/Fire       #.......     52%         3    ###....
 Portal Projectile        Hex/Tloc       #.....       52%         3    ###....
 Cause Fear               Hex            #.........   89%         4    ####...
 Leda's Liquefaction      Hex/Erth       #.........   89%         4    ####...


Dungeon Overview and Level Annotations

Branches:
Dungeon (7/15)             Temple (1/1) D:5

Altars:
Ashenzari
Cheibriados
Dithmenos
Elyvilon
Fedhas
Gozag
Hepliaklqana
Kikubaaqudgha
Makhleb
Nemelex Xobeh
Okawaru
Qazlal
Ru
Sif Muna
Trog
Uskayaw
Vehumet
Wu Jian
Xom
Yredelemnul
Zin
The Shining One

Shops:
D:6 [

Annotations:
D:7 1 runed translucent door, Crazy Yiuf


Innate Abilities, Weirdness & Mutations

You have a beak for a mouth.
You have claws for feet.
You can fly continuously.


Message History

Something hits you. Something hits you!
* * * LOW HITPOINT WARNING * * *
Something hits you!
* * * LOW HITPOINT WARNING * * *
The zap hits something.
The zap hits the worker ant. x2
The zap hits something.
Something hits you.
* * * LOW HITPOINT WARNING * * *
Okay, then.
You feel better. Something hits you!
* * * LOW HITPOINT WARNING * * *
The zap hits something.
The zap hits the worker ant!
The zap hits the iguana. x2
You kill the iguana!
Vehumet accepts your kill.
Vehumet offers you knowledge of Throw Flame.
You feel your power returning.
The zap hits the worker ant.
You kill the worker ant!
Vehumet accepts your kill.
The zap hits something!
Something hits you.
You die...

#######.# #.#.#.#.#.}.:.#.... #[#
#...#.#.#.|}a.#.##.
########(#.#..###..#.# ... #..#.
.........##.#.....#.####l####..#
########..##.#####.###..a..###.)
##..##.....###)...†l.###.
###########..###)#######..÷...###
........# #..#.....#⌠..####)...#.
#.......# #..#.#@#.#._....###..#.
#.......###..###{##a##.......†.#.
.........##÷(#.#.#)#.Sl#..###..#.
#............#.....#...#### ...#.
#.......####.########### ..###
........####........# ..##..
.#.##...##........... .##(.#
##.##.........##.###. #######...#
.#.##...#####.# # ........###


There were no monsters in sight!

Vanquished Creatures
  Pikel (D:5)
  Sigmund (D:2)
  Eustachio (D:4)
  A hungry ghost (D:7)
  A water moccasin (D:7)
  2 slaves (D:5)
  An orc warrior (D:7)
  3 sky beasts
  A necrophage (D:7)
  3 centaurs (D:7)
  3 big kobolds (D:7)
  Blork the orc (D:4)
  4 bullfrogs
  2 scorpions
  6 killer bees (D:7)
  3 howler monkeys
  2 crimson imps
  4 bullfrog zombies
  3 jellies
  A centaur skeleton (D:4)
  5 orc priests
  A hound (D:7)
  3 orc wizards
  5 iguanas
  7 worker ants
  A hound skeleton (D:6)
  Robin (D:4)
  3 worker ant zombies
  11 adders
  A shadow imp (D:5)
  4 worms
  2 dart slugs
  5 leopard geckos
  22 orcs
  2 ball pythons
  6 giant cockroaches
  10 goblins
  15 hobgoblins
  7 jackals
  5 quokkas
  7 bats
  5 frilled lizards
  A jackal skeleton (D:7)
  16 kobolds
  A quokka skeleton (D:7)
  9 rats
199 creatures vanquished.

Notes
Turn   | Place    | Note
-------+----------+-------------------------------------------
     0 | D:1      | Goreval the Tengu Air Elementalist began the quest for the
                  | Orb.
     0 | D:1      | Reached XP level 1. HP: 10/10 MP: 4/4
   212 | D:1      | Reached XP level 2. HP: 15/15 MP: 4/6
   847 | D:1      | Reached XP level 3. HP: 19/19 MP: 5/7
  1501 | D:2      | Noticed Sigmund
  1733 | D:2      | Reached skill level 5 in Air Magic
  1766 | D:2      | Learned a level 2 spell: Swiftness
  1772 | D:2      | Reached XP level 4. HP: 24/24 MP: 3/8
  2167 | D:2      | Killed Sigmund
  2167 | D:2      | Gained mutation: You can fly continuously. [Tengu growth]
  2167 | D:2      | Reached XP level 5. HP: 28/28 MP: 2/10
  2167 | D:2      | Reached XP level 6. HP: 32/32 MP: 2/11
  2430 | D:3      | Learned a level 4 spell: Airstrike
  2442 | D:3      | Reached skill level 5 in Conjurations
  3130 | D:3      | Reached XP level 7. HP: 36/36 MP: 9/13
  3311 | D:4      | Learned a level 5 spell: Lightning Bolt
  3330 | D:4      | Noticed Robin
  3345 | D:4      | Killed Robin
  3679 | D:4      | Noticed Eustachio
  3798 | D:4      | Killed Eustachio
  3798 | D:4      | Reached skill level 1 in Fighting
  4039 | D:4      | Noticed Blork the orc
  4054 | D:4      | Killed Blork the orc
  4170 | D:4      | Reached XP level 8. HP: 44/44 MP: 7/14
  4933 | D:5      | Entered Level 5 of the Dungeon
  5290 | D:5      | Found a staircase to the Ecumenical Temple.
  5299 | Temple   | Entered the Ecumenical Temple
  5901 | Temple   | Became a worshipper of Vehumet
  5963 | D:5      | Noticed Pikel
  5980 | D:5      | Killed Pikel
  6732 | D:6      | Reached XP level 9. HP: 51/51 MP: 7/15
  7338 | D:6      | Found Voluttewa's Antique Armour Shoppe.
  7529 | D:7      | Reached skill level 10 in Air Magic
  7902 | D:7      | Reached skill level 5 in Dodging
  8090 | D:7      | Found a runed translucent door.
  8091 | D:7      | Noticed Crazy Yiuf
  8159 | D:7      | Found a stormy altar of Qazlal.
  8325 | D:7      | Reached skill level 10 in Conjurations
  8448 | D:7      | Reached * piety under Vehumet
  8448 | D:7      | Offered knowledge of Sting by Vehumet.
  8546 | D:7      | Identified the +7 mace "Voiwugoz" {protect, rElec}
  9287 | D:7      | Reached XP level 10. HP: 56/58 MP: 9/16
  9419 | D:7      | Found a shimmering blue altar of Sif Muna.
  9498 | D:7      | HP: 1/58 [water moccasin (9)]
  9506 | D:7      | HP: 1/58 [something (9)]
  9519 | D:7      | HP: 2/58 [something (9)]
  9520 | D:7      | Reached ** piety under Vehumet
  9520 | D:7      | Offered knowledge of Throw Flame by Vehumet.
  9520 | D:7      | Slain by an unseen horror

Levels and vault maps discovered:
D:1:      onia_arrival_mini_spirals, layout_loops_corners
D:2:      layout_rooms, uniq_sigmund
D:3:      layout_basic
D:4:      layout_layer_cave, first_ration, uniq_blork_the_orc, uniq_eustachio,
          uniq_robin
D:5:      layout_rooms, temple_pool_b, uniq_pikel
D:6:      layout_basic, serial_shops, nicolae_shop_waterfront
D:7:      minmay_the_grid_octo_tiled_squarecenter
          [minmay_the_grid_octo_checkerflower, minmay_the_grid_octo_concentric,
          minmay_the_grid_octo_vomiting_pacman, minmay_the_grid_octo_horde,
          minmay_the_grid_square_5x5_megaprize_open,
          minmay_the_grid_square_5x5_bracketed,
          minmay_the_grid_square_5x5_checkered_sparse,
          minmay_the_grid_square_5x5_inner_i, minmay_the_grid_square_5x5_z],
          layout_loops_ring, overflow_temple_1_default, uniq_crazy_yiuf_cottage
Temple:   nicolae_temple_the_god_donut

Skill      XL: |  1  2  3  4  5  6  7  8  9 10 |
---------------+-------------------------------+-----
Conjurations   | 2 3 4 5 7 8 10 11 | 11.0
Air Magic      | 5 6 7 8 9 11 | 11.5
Spellcasting   | 3 |  3.3
Fighting       | 1 3 4 |  4.8
Dodging        | 3 4 5 |  5.9
Stealth        | |  2.0

Action                   |  1- 3 |  4- 6 |  7- 9 | 10-12 || total
-------------------------+-------+-------+-------+-------++-------
Melee: Dagger            |     9 |     3 |       |       ||    12
       Kick              |     1 |     3 |     8 |       ||    12
       Peck              |     2 |     1 |     3 |       ||     6
       Falchion          |       |       |     4 |       ||     4
       Mace              |       |       |     3 |       ||     3
 Cast: Shock             |    64 |    84 |   311 |    33 ||   492
       Airstrike         |       |       |     6 |     3 ||     9
 Abil: Fly               |       |       |     1 |       ||     1
  Use: Scroll            |       |       |     1 |       ||     1
       Potion            |       |       |       |     6 ||     6
  Eat: Chunk             |     2 |     2 |    16 |     1 ||    21
       Ration            |       |     1 |     1 |       ||     2
Armor: Robe              |     1 |     2 |     2 |       ||     5
       Leather armour    |       |       |    12 |     5 ||    17
Dodge: Dodged            |     8 |     8 |    81 |    26 ||   123
       Rpst.: Falchion   |       |       |    23 |       ||    23
